 Dungeon Crawl Stone Soup version 0.22-a0-192-g6ffc940 (webtiles) character file.

9 Atlas the Magician (level 2, -1/19 HPs)
             Began as a Mummy Ice Elementalist on Feb 17, 2018.
             Slain by a kobold
             ... wielding a +0 whip
              (3 damage)
             ... on level 1 of the Dungeon.
             The game lasted 00:00:19 (100 turns).

Atlas the Magician (Mummy Ice Elementalist)          Turns: 100, Time: 00:00:19

Health: -1/19      AC:  2    Str: 11    XL:     2   Next: 3%
Magic:  1/5        EV: 12    Int: 14    God:
Gold:   0          SH:  0    Dex: 12    Spells: 5/6 levels left

rFire    x . .     SeeInvis .   (no weapon)
rCold    + . .     Gourm    .   (no shield)
rNeg     + + +     Faith    .   a - +0 robe
rPois    ∞         Spirit   .   (no helmet)
rElec    .         Reflect  .   (no cloak)
rCorr    .         Harm     .   (no gloves)
MR       .....                  (no boots)
Stlth    ++........             (no amulet)
HPRegen  0.06/turn              (no ring)
MPRegen  0.09/turn              (no ring)

@: no status effects
A: no food or potions, fire vulnerability, cold resistance 1, negative energy
resistance 3, torment resistance, unbreathing
a: no special abilities


You were on level 1 of the Dungeon.
You were not hungry.

You visited 1 branch of the dungeon, and saw 1 of its levels.

Inventory:

Armour
 a - a +0 robe (worn)
Books
 b - a book of Frost

   Spells                             Type                      Level
   a - Freeze                         Ice                          1
   b - Throw Frost                    Conjuration/Ice              2
   c - Ozocubu's Armour               Charms/Ice                   3
   d - Throw Icicle                   Conjuration/Ice              4
   e - Summon Ice Beast               Ice/Summoning                4


   Skills:
 + Level 1.7 Dodging
 + Level 1.6 Stealth
 + Level 2.9 Spellcasting
   Level 0.7 Conjurations
 + Level 2.7 Ice Magic


You had 5 spell levels left.
You knew the following spells:

 Your Spells              Type           Power        Failure   Level  Hunger
a - Freeze                Ice            #...         7%          1    N/A

Dungeon Overview and Level Annotations

Branches:
Dungeon (1/15)

Altars:


Innate Abilities, Weirdness & Mutations

You do not eat or drink.
Your flesh is vulnerable to fire.
You are immune to poison.
Your flesh is cold resistant. (rC+)
You are immune to negative energy. (rN+++)
You are immune to unholy pain and torment.
You can survive without breathing.


Message History

The kobold closely misses you.
You miss the kobold.
The kobold is heavily wounded.
The kobold hits you with a whip.
You barely miss the kobold.
The kobold is heavily wounded.
The kobold hits you with a whip.
* * * LOW HITPOINT WARNING * * *
You hit the kobold but do no damage.
The kobold is heavily wounded.
The kobold completely misses you.
A goblin comes into view.
You miss the kobold.
The kobold is heavily wounded.
The kobold hits you with a whip.
* * * LOW HITPOINT WARNING * * *
You see here a dart slug corpse.
You see here a stone.
The kobold hits you with a whip.
You die...

##.##
####.#
#†# #
#.#
#.#
#.#
#†#
#g#
#K#
#@#
#.#
#.#
..#
..#
####


You could see a hobgoblin and a kobold.

Vanquished Creatures
  A dart slug (D:1)
  2 leopard geckos (D:1)
  2 bats (D:1)
  A rat (D:1)
6 creatures vanquished.

Notes
Turn   | Place    | Note
-------+----------+-------------------------------------------
     0 | D:1      | Atlas the Mummy Ice Elementalist began the quest for the Orb.
     0 | D:1      | Reached XP level 1. HP: 13/13 MP: 4/4
     2 | D:1      | Noticed a halfling
     2 | D:1      | Noticed a centaur
     4 | D:1      | Noticed a demonspawn
     4 | D:1      | Noticed an ogre
     6 | D:1      | Noticed a ghoul
     6 | D:1      | Noticed a formicid
     8 | D:1      | Noticed an octopode
     8 | D:1      | Noticed a demigod
    10 | D:1      | Noticed a gargoyle
    10 | D:1      | Noticed a merfolk
    12 | D:1      | Noticed a human
    14 | D:1      | Noticed a felid
    14 | D:1      | Noticed a vine stalker
    16 | D:1      | Noticed a naga
    16 | D:1      | Noticed a troll
    18 | D:1      | Noticed a dwarf
    18 | D:1      | Noticed a minotaur
    20 | D:1      | Noticed a draconian
    20 | D:1      | Noticed a vampire
    22 | D:1      | Noticed a spriggan
    24 | D:1      | Noticed an elf
    26 | D:1      | Noticed a tengu
    89 | D:1      | Reached XP level 2. HP: 13/19 MP: 0/5
   100 | D:1      | Slain by a kobold

Vault maps used:
D:1:      kb_arrival_jail, minmay_pentomino_r4

Action                   || total
-------------------------++-------
Melee: Unarmed           ||    18
 Cast: Freeze            ||     7
Armor: Robe              ||     4
Dodge: Dodged            ||    30

Table legend:
 A = Spawn XP
 B = Non-spawn XP
 C = Spawn XP percentage of total XP
 D = Spawn monster count
 E = Non-spawn monster count
 F = Spawn count percentage of total count
 G = Total turns spent on level
                    A         B        C        D         E        F      G
               +---------+---------+-------+---------+---------+-------+---------
         Total |       0 |      13 |   0.0 |       0 |       6 |   0.0 |   100
               +---------+---------+-------+---------+---------+-------+---------
           D:1 |       0 |      13 |   0.0 |       0 |       6 |   0.0 |   100
               +---------+---------+-------+---------+---------+-------+---------
